 Dungeon Crawl Stone Soup version 0.18.1-1-g2f07953 (webtiles) character file.

32 Exaltedone87 the Skirmisher (level 3, -2/33 HPs)
             Began as a Draconian Berserker on May 6, 2016.
             Was a Follower of Trog.
             Slain by a gnoll
             ... wielding a +0 club
              (5 damage)
             ... on level 2 of the Dungeon.
             The game lasted 00:03:56 (943 turns).

Exaltedone87 the Skirmisher (Draconian Berserker)    Turns: 943, Time: 00:04:01

Health: -2/33      AC:  5    Str: 25    XL:     3   Next: 8%
Magic:  3/3        EV: 12    Int: 12    God:    Trog [*.....]
Gold:   35         SH:  0    Dex: 10    Spells: 0 memorised, 2 levels left

rFire  x . .     SeeInvis .     a - +0 spear
rCold  + . .     Gourm    .     (armour unavailable)
rNeg   . . .     Faith    .     (no shield)
rPois  .         Spirit   .     (helmet restricted)
rElec  .         Dismiss  .     (no cloak)
rCorr  .         Reflect  .     (no gloves)
SustAt .         Harm     .     (no boots)
MR     +....     Rnd*Rage +     (no amulet)
Stlth  +.........               (no ring)
                                c - ring of ice

@: mighty, brilliant, exhausted, slowed, very slow, somewhat resistant to
hostile enchantments, very unstealthy
A: unfitting armour, big wings, berserk 1, magic resistance 1, cold-blooded, AC
+5
a: Fly, Berserk, Burn Spellbooks, Renounce Religion


You were on level 2 of the Dungeon.
You worshipped Trog.
Trog was aware of your devotion.
You were hungry.

You visited 1 branch of the dungeon, and saw 2 of its levels.

You collected 35 gold pieces.

Inventory:

Hand Weapons
 a - a +0 spear (weapon)
Jewellery
 c - a ring of ice (left hand)
Scrolls
 d - a scroll of identify
 e - a scroll of remove curse {unknown}
 f - a scroll of enchant armour {unknown}
 h - a scroll of enchant weapon {unknown}
 l - a scroll of immolation {unknown}
Comestibles
 b - a bread ration
 k - a meat ration
 m - a beef jerky


   Skills:
 + Level 3.9 Fighting
 + Level 3.4 Polearms
 + Level 3.1 Dodging


You had 2 spell levels left.
You didn't know any spells.

Dungeon Overview and Level Annotations

Branches:
Dungeon (2/15)

Altars:


Innate Abilities, Weirdness & Mutations

Your plain brown scales are hard (AC +5).
Your body does not fit into most forms of armour.
You are cold-blooded and may be slowed by cold attacks.
Your large and strong wings let you fly indefinitely.
You tend to lose your temper in combat.
You are resistant to hostile enchantments.


Message History

The rat twitches its whiskers.
The gnoll misses you.
There is a stone staircase leading up here.
The gnoll closely misses you.
You puncture the rat!
You kill the rat!
Trog accepts your kill. The gnoll hits you with a flail.
You puncture the gnoll!
Your tail-slap misses the gnoll.
The gnoll is severely wounded.
The gnoll hits you but does no damage. The gnoll hits you with a flail.
* * * LOW HITPOINT WARNING * * *
You closely miss the gnoll.
The gnoll is severely wounded.
The gnoll hits you with a club.
* * * LOW HITPOINT WARNING * * *
The gnoll misses you. The gnoll hits you.
* * * LOW HITPOINT WARNING * * *
The gnoll hits you with a club.
You die...

..... #######...
.......#.......>.
.......#.........
.......#.........
.......#.........
....(.............##
.................#..
......ggg$.......#.###
.......@##########.#..
..!.....##########.#.#
...................#.#
...................#.#
...................#.#
#######......).....#.#
#..>...........#
#.......#..#.#.###
#.......#.......<.


You could see 3 gnolls.

Vanquished Creatures
  A gnoll (D:2)
  An adder (D:2)
  A dart slug (D:1)
  3 hobgoblins
  A bat (D:1)
  A giant newt (D:1)
  3 kobolds
  3 rats
14 creatures vanquished.

Notes
Turn   | Place    | Note
--------------------------------------------------------------
     0 | D:1      | Exaltedone87 the Draconian Berserker began the quest for the Orb.
     0 | D:1      | Reached XP level 1. HP: 19/19 MP: 1/1
   493 | D:1      | Reached XP level 2. HP: 26/26 MP: 2/2
   920 | D:2      | Gained mutation: Your large and strong wings let you fly indefinitely. [potion of mutation]
   920 | D:2      | Gained mutation: You are resistant to hostile enchantments. [potion of mutation]
   920 | D:2      | Gained mutation: You tend to lose your temper in combat. [potion of mutation]
   937 | D:2      | Reached XP level 3. HP: 28/33 MP: 3/3
   943 | D:2      | Slain by a gnoll

Skill      XL: |  1  2 |
---------------+-------+-----
Dodging        | 3 |  3.1
Fighting       | |  3.9
Polearms       | |  3.4

Action                   || total
-------------------------++-------
Melee: Spear             ||    40
       Tailslap          ||     4
Invok: Berserk           ||     1
  Use: Potion            ||     3
       Scroll            ||     1
Armor: Skin              ||    15
Dodge: Dodged            ||    31
